 Dungeon Crawl Stone Soup version 0.31.0-32-g396128a36d (webtiles) character file.

Game seed: 14673692404450994034

6273 Croga the Cleaver (level 10, -8/135 HPs)
             Began as a Minotaur Fighter on Mar 20, 2024.
             Was a Follower of Uskayaw.
             Mangled by an acid dragon (10 damage)
             ... on level 9 of the Dungeon.
             The game lasted 00:47:19 (5689 turns).

Croga the Cleaver (Minotaur Fighter)                Turns: 5689, Time: 00:47:20

Health: -8/135     AC: 25    Str: 20 (23) XL:     10   Next: 63%
Magic:  0/9        EV:  2    Int:  3 (5)  God:    Uskayaw [*.....]
Gold:   411        SH:  0    Dex:  9 (12) Spells: 9/9 levels left

rFire   + . .        t - +3 mace (freeze)
rCold   + . .        J - orb {*channel}
rNeg    + . .        q - melded +0 plate armour
rPois   +            (helmet currently unavailable)
rElec   +            (cloak currently unavailable)
rCorr   +            g - melded +0 pair of gloves
SInv    .            (boots currently unavailable)
Will    .....        x - amulet of guardian spirit
Stlth   ++           h - +4 ring of protection
HPRegen 0.00/turn    m - ring of positive energy
MPRegen 0.11/turn

%: guardian spirit, channel magic (20%)
@: tree-form, resistant, corroded, inhibited regen
A: stationary, stasis, torment immunity, boosted hp, (horns 2), (retaliatory
headbutt), inhibited regeneration, persistent drain
a: Renounce Religion, Stomp


You were on level 9 of the Dungeon.
You worshipped Uskayaw.
Uskayaw was noncommittal.
You were a tree.
You visited 2 branches of the dungeon, and saw 10 of its levels.
You also visited: Ossuary.

You collected 411 gold pieces.

Inventory:

Hand Weapons
 a - a +0 war axe
 n - a +0 flail of protection
 t - a +3 mace of freezing (weapon)
Missiles
 I - 2 throwing nets (quivered)
Armour
 b - a +0 scale mail
 c - a +0 buckler
 g - a +0 pair of gloves (melded)
 q - a +0 plate armour (melded)
 J - an orb of energy (worn)
Jewellery
 h - a +4 ring of protection (left branch)
 m - a ring of positive energy (right branch)
 x - an amulet of guardian spirit (around neck)
 D - a ring of wizardry
 L - a ring of protection from cold
Talismans
 K - a blade talisman
Wands
 F - a wand of flame (12)
 G - a wand of paralysis (5)
Scrolls
 f - a scroll of identify
 i - a scroll of vulnerability
 j - 4 scrolls of teleportation
 k - 3 scrolls of enchant weapon
 l - 6 scrolls of enchant armour
 o - 2 scrolls of silence {unknown}
 p - a scroll of brand weapon {unknown}
 r - a scroll of torment {unknown}
 s - 2 scrolls of revelation
 v - 2 scrolls of fear {unknown}
 w - 3 scrolls of amnesia
 y - a scroll of noise {unknown}
 z - a scroll of acquirement
 A - 2 scrolls of fog {unknown}
 E - a scroll of poison {unknown}
 H - 3 scrolls of immolation {unknown}
Potions
 d - 2 potions of might
 u - 3 potions of haste
 B - a potion of lignification


   Skills:
 + Level 8.6 Fighting
 + Level 13.0 Axes
 + Level 1.2(8.4) Maces & Flails
 + Level 0.6 Throwing
 + Level 9.1 Armour
 + Level 1.8 Dodging
 + Level 4.7 Stealth
 + Level 5.7 Shields
 * Level 1.8 Evocations


You had 9 spell levels left.
You didn't know any spells.
Your spell library contained the following spells:

 Spells                   Type           Power      Damage    Failure   Level
 Shock                    Conj/Air       0%         1d3       73%         1
 Fugue of the Fallen      Necr           0%         N/A       96%         3
 Ozocubu's Armour         Ice            0%         N/A       96%         3
 Swiftness                Air            0%         N/A       96%         3
 Airstrike                Air            0%         2d(0-16)  100%        4
 Manifold Assault         Tloc           0%         N/A       100%        4


Dungeon Overview and Level Annotations

Branches:
Dungeon (9/15)             Temple (1/1) D:7         Ossuary (visited)
   Lair: D:8-11         Orc: D:9-12

Altars:
Ashenzari
Dithmenos
Elyvilon
Fedhas
Gozag
Hepliaklqana
Kikubaaqudgha
Makhleb
Nemelex Xobeh
Okawaru
Qazlal
Ru
Sif Muna
Trog
Uskayaw
Vehumet
Wu Jian
Xom
Yredelemnul
Zin
The Shining One

Shops:
D:1 ?   D:7 [   D:9 *

Annotations:
D:4 1 runed translucent door, Squelettyx's ghost, amateur TeHu


Innate Abilities, Weirdness & Mutations

You are a tree.
Your roots penetrate the ground, keeping you stationary.
You cannot be teleported.
You are immune to unholy pain and torment.
Your maximum health is greatly increased.
Your equipment is partially melded.
((You have a pair of horns on your head.))
((You reflexively headbutt those who attack you in melee.))
You do not regenerate when monsters are visible.
Your health recovers twice as slowly from being drained.


Message History

The splash of acid hits you!
* * * LOW HITPOINT WARNING * * *
You hear a shout! x2
As you read the scroll of teleportation, it crumbles to dust.
You feel strangely unstable.
The acid dragon bites you but does no damage.
The acid dragon claws you but does no damage.
You closely miss the acid dragon.
The acid dragon is moderately wounded.
The acid dragon bites you.
* * * LOW HITPOINT WARNING * * *
The acid dragon claws you but does no damage.
You barely miss the acid dragon.
The acid dragon is moderately wounded.
The acid dragon bites you!
* * * LOW HITPOINT WARNING * * *
The acid dragon barely misses you.
It was a potion of lignification.
You turn into a tree.
Your +0 pair of gloves melds into your body.
Your +0 plate armour melds into your body.
Your roots penetrate the ground.
You feel strangely stable.
The acid dragon bites you but does no damage.
The acid dragon claws you but does no damage.
You hit the acid dragon but do no damage.
The acid dragon is moderately wounded.
The acid dragon bites you.
* * * LOW HITPOINT WARNING * * *
The acid dragon claws you.
* * * LOW HITPOINT WARNING * * *
It was a potion of magic.
Magic courses through your body. The acid dragon spits acid at you.
The splash of acid hits you!!
* * * LOW HITPOINT WARNING * * *
It was a potion of resistance.
You feel protected.
The acid dragon bites you but does no damage.
The acid dragon claws you but does no damage.
This is a scroll of acquirement!
Something appears at your feet! The acid dragon bites you!
You die...

#..........#).........
#...........))...#####
#..........##....#
######<######....#
#...........#
#...........#
###........####
...........#
.....)D♣...#
...........+
...........#
.........:.#
...........#
....$......#
...........?
....######...


You could see an acid dragon (catching breath).

Vanquished Creatures
  A two-headed ogre (D:9)
  Pikel (D:5)
  Jeremiah (D:6)
  Maggie (D:7)
  A hornet (D:9)
  A wyvern (D:7)
  2 water moccasins
  An orc warrior (D:8)
  3 black bears
  A sky beast (D:6)
  2 centaurs (D:8)
  3 ogres
  3 phantoms
  2 lemures (D:5)
  4 kobold brigands
  2 bullfrogs
  12 scorpions
  5 wights (D:9)
  4 killer bees (D:8)
  3 howler monkeys (D:7)
  2 bombardier beetles
  A centaur zombie (Ossuary)
  4 orc priests
  2 gnoll boudas
  4 human zombies (Ossuary)
  4 hounds
  3 jellies
  3 iguanas
  Terence (D:3)
  3 scorpion zombies (Ossuary)
  11 orc wizards
  3 mummies (Ossuary)
  14 gnolls
  5 adders
  A shadow imp (D:6)
  A white imp (D:5)
  2 ufetubi (D:5)
  36 orcs
  An endoplasm (D:1)
  5 giant cockroaches
  2 gnoll zombies (Ossuary)
  5 goblins
  5 hobgoblins
  2 jackals (D:1)
  4 quokkas
  4 ball pythons
  3 ball python zombies (Ossuary)
  3 bats
  3 frilled lizards
  3 jackal zombies (Ossuary)
  20 kobolds
  An orc zombie (Ossuary)
  7 rats
221 creatures vanquished.

Notes
Turn   | Place    | Note
-------+----------+-------------------------------------------
     0 | D:1      | Croga the Minotaur Fighter began the quest for the Orb.
     0 | D:1      | Reached XP level 1. HP: 19/19 MP: 0/0
    35 | D:1      | Reached XP level 2. HP: 24/27 MP: 1/1
   138 | D:1      | Found Sozalos's Magic Scroll Shop.
   833 | D:2      | Reached XP level 3. HP: 33/33 MP: 2/2
  1068 | D:3      | Noticed Terence
  1078 | D:3      | Killed Terence
  1079 | D:3      | Reached skill level 3 in Axes
  1079 | D:3      | Reached XP level 4. HP: 35/40 MP: 3/3
  1101 | D:3      | Reached skill level 1 in Dodging
  1271 | D:3      | Found an opulent altar of Gozag.
  1437 | D:3      | Found a hide-covered altar of Uskayaw.
  1444 | D:3      | Became a worshipper of Uskayaw the Reveller
  1455 | D:3      | Reached skill level 4 in Axes
  1610 | D:4      | Noticed Squelettyx's ghost (amateur TeHu)
  1613 | D:4      | Found a runed translucent door.
  1627 | D:4      | Reached * piety under Uskayaw
  1634 | D:4      | Reached ** piety under Uskayaw
  1635 | D:4      | Reached XP level 5. HP: 27/47 MP: 4/4
  1678 | D:4      | Identified the +6 sling "Orb Guardian's Death" {heavy, rN+
                  | Dex+4}
  1749 | D:4      | Reached XP level 6. HP: 49/55 MP: 5/5
  1760 | D:4      | Reached skill level 5 in Armour
  1763 | D:4      | Reached skill level 5 in Axes
  1764 | D:4      | Reached *** piety under Uskayaw
  1768 | D:4      | Reached **** piety under Uskayaw
  1780 | D:4      | Reached ***** piety under Uskayaw
  1781 | D:4      | Reached skill level 5 in Fighting
  1945 | D:4      | Found a sand-covered staircase.
  1954 | Ossuary  | Entered an ossuary
  2043 | Ossuary  | Reached XP level 7. HP: 52/61 MP: 6/6
  2049 | Ossuary  | Reached skill level 5 in Shields
  2052 | Ossuary  | Reached skill level 6 in Axes
  2255 | Ossuary  | Reached skill level 7 in Axes
  2257 | Ossuary  | Reached skill level 1 in Stealth
  2308 | Ossuary  | Reached XP level 8. HP: 53/70 MP: 7/7
  2464 | D:5      | Entered Level 5 of the Dungeon
  2485 | D:5      | Reached skill level 8 in Axes
  2522 | D:5      | Noticed Pikel
  2539 | D:5      | Killed Pikel
  2540 | D:5      | Reached skill level 9 in Axes
  2664 | D:5      | Reached XP level 9. HP: 74/79 MP: 6/8
  3023 | D:6      | Reached skill level 10 in Axes
  3123 | D:6      | Found a blossoming altar of Fedhas.
  3308 | D:6      | Noticed Jeremiah
  3379 | D:6      | Killed Jeremiah
  3558 | D:6      | Reached skill level 11 in Axes
  3733 | D:7      | Found a staircase to the Ecumenical Temple.
  3740 | Temple   | Entered the Ecumenical Temple
  3834 | D:7      | Found Pyopt's Armour Boutique.
  3853 | D:7      | Noticed Maggie
  3863 | D:7      | Killed Maggie
  3914 | D:7      | Reached XP level 10. HP: 44/88 MP: 6/9
  3941 | D:7      | Gained mutation: You occasionally lose the ability to drink
                  | potions when taking damage. [potion of mutation]
  3941 | D:7      | Gained mutation: Your skin changes colour to match your
                  | surroundings (Stealth+). [potion of mutation]
  3942 | D:7      | Lost mutation: You occasionally lose the ability to drink
                  | potions when taking damage. [potion of mutation]
  3942 | D:7      | Lost mutation: Your skin changes colour to match your
                  | surroundings (Stealth+). [potion of mutation]
  3942 | D:7      | Gained mutation: Your health recovers twice as slowly from
                  | being drained. [potion of mutation]
  3942 | D:7      | Gained mutation: You do not regenerate when monsters are
                  | visible. [potion of mutation]
  3963 | D:7      | Reached skill level 12 in Axes
  4064 | D:7      | Found a bloodstained altar of Trog.
  4603 | D:8      | Found a sparkling altar of Nemelex Xobeh.
  5225 | D:9      | Found a radiant altar of Vehumet.
  5247 | D:9      | Found Ihaped's Assorted Antiques.
  5268 | D:9      | Reached skill level 1 in Evocations
  5275 | D:9      | Noticed a two-headed ogre
  5293 | D:9      | Killed a two-headed ogre
  5388 | D:9      | Reached skill level 13 in Axes
  5655 | D:9      | Reached skill level 1 in Maces & Flails
  5687 | D:9      | HP: 2/135 [acid dragon/splash of acid (19)]
  5689 | D:9      | Identified 2 scrolls of acquirement
  5689 | D:9      | Acquired a +1 broad axe of flaming
  5689 | D:9      | Mangled by an acid dragon

Illustrated notes

Levels and vault maps discovered:
D:1:      shiori_arrival_oz, layout_basic, serial_shops,
          nicolae_shop_advertising_works [nicolae_subvault_shop_adworks]
D:2:      kennysheep_big_flooded_room, layout_basic, serial_bayou_crossing
D:3:      layout_basic, mainiacjoe_overflow_paths, nicolae_gozag_seed_capital,
          shapermc_ecumenical_altar_petra,
          wander_ebering_terrifying_dragon_lair, uniq_terence
D:4:      layout_rooms, hellmonk_ghost_happy_afterlife,
          mainiacjoe_ossuary_entry_dusty_tomb
D:5:      layout_basic, uniq_sigmund, uniq_pikel
D:6:      layout_loops_ring, fedhas_altar_fruit_tree, kennysheep_boxes,
          uniq_jeremiah
D:7:      layout_loops_cross, mainiacjoe_overflow_surrounded_room,
          minmay_temple_entry_proselytizer, serial_shops, shop,
          serial_bayou_pond_d, minmay_holes, uniq_maggie
D:8:      layout_cave_pods, nemelex_xobeh_ov_fountains_minmay
D:9:      layout_basic, nicolae_vehumet_radiance, serial_shops,
          nicolae_shop_overgrown_old_shop
Temple:   nicolae_temple_superstar

Skill      XL: |  1  2  3  4  5  6  7  8  9 10 |
---------------+-------------------------------+-----
Fighting       | 4 5 6 7 8 |  8.6
Shields        | 4 5 |  5.7
Armour         | 4 5 6 7 8 9 |  9.1
Axes           | 3 4 5 7 9 11 13 | 13.0
Dodging        | 1 |  1.8
Stealth        | 1 2 4 |  4.7
Evocations     | 1 |  1.8
Maces & Flails | 1 |  1.2
Throwing       | |  0.6

Action                     |  1- 3 |  4- 6 |  7- 9 | 10-12 || total
---------------------------+-------+-------+-------+-------++-------
  Melee: War axe           |    55 |    93 |   266 |   135 ||   549
         Headbutt          |     8 |    24 |    56 |    35 ||   123
         Mace              |       |       |       |    68 ||    68
  Throw: Throwing net      |       |       |     1 |       ||     1
 Invoke: Stomp             |       |     1 |     8 |     1 ||    10
         Line Pass         |       |       |     1 |     1 ||     2
  Evoke: Wand              |       |       |     3 |       ||     3
    Use: Potion            |     1 |     3 |     3 |    12 ||    19
         Scroll            |       |       |       |    10 ||    10
   Stab: Paralysed         |       |       |    14 |    12 ||    26
 Armour: Scale mail        |    45 |     6 |       |       ||    51
         Plate armour      |       |    81 |   260 |   251 ||   592
         Skin              |       |       |       |     8 ||     8
  Dodge: Dodged            |    32 |    41 |    87 |    91 ||   251
  Block: Buckler           |    14 |    27 |    48 |       ||    89
